 Dungeon Crawl Stone Soup version 0.28-a0-863-g8cecda6153 (webtiles) character file.

Game seed: 9497072110622682625

317 Zenkrye the Cudgeller (level 6, -1/75 HPs)
             Began as a Palentonga Fighter on Nov 16, 2021.
             Was an Initiate of Ashenzari.
             Slain by a scorpion (7 damage)
             ... on level 4 of the Dungeon.
             The game lasted 00:07:09 (3363 turns).

Zenkrye the Cudgeller (Palentonga Fighter)          Turns: 3363, Time: 00:07:09

Health: -1/75      AC: 10    Str: 22    XL:     6   Next: 20%
Magic:  6/6        EV:  5    Int:  8    God:    Ashenzari [......]
Gold:   80         SH:  4    Dex:  9    Spells: 5/5 levels left

rFire   . . .      SeeInvis +   a - +0 flail
rCold   . . .      Faith    .   c - +0 buckler
rNeg    . . .      Spirit   .   g - +0 chain mail
rPois   .          Reflect  .   (no helmet)
rElec   .          Harm     .   (no cloak)
rCorr   .          Rampage  .   h - +2 pair of gloves "Esoteric Portent" {Range, Melee} (curse)
Will    .....                   (no barding)
Stlth   ..........              (no amulet)
HPRegen 0.22/turn               (no ring)
MPRegen 0.10/turn               (no ring)

@: mighty, berserking, lethally poisoned (-1 -> -6), very quick
A: large, rugged brown scales 3, see invisible, deformed body, roll 1, armoured
tail
a: Rolling Charge, Renounce Religion, Curse Item, Shatter the Chains


You were on level 4 of the Dungeon.
You worshipped Ashenzari.
Ashenzari was noncommittal.
You visited 1 branch of the dungeon, and saw 4 of its levels.
You also visited: Ossuary.

You collected 80 gold pieces.

Inventory:

Hand Weapons
 a - a +0 flail (weapon)
Missiles
 e - 13 bolts
Armour
 b - a +0 scale mail
 c - a +0 buckler (worn)
 g - a +0 chain mail (worn)
 h - the cursed +2 pair of gloves "Esoteric Portent" (worn) {Range, Melee}
   (You found it on level 2 of the Dungeon)

   It has a curse which improves the following skills: Ranged Combat: Slings,
   Bows, Crossbows and Throwing.
   Melee Combat: Short Blades, Long Blades, Axes, Maces & Flails, Polearms,
   Staves and Unarmed Combat.
Scrolls
 f - a scroll of noise {unknown}
 i - 3 scrolls of identify {@r1}
 l - a scroll of fog
 n - 2 scrolls of immolation
 p - 2 scrolls of enchant weapon {unknown}
 q - 2 scrolls of teleportation {unknown}
Potions
 j - a potion of cancellation
 k - a potion of attraction


   Skills:
 - Level 3.0 Fighting
 + Level 6.6(7.2) Maces & Flails
 - Level 2.4 Armour
 - Level 2.4 Shields


You had 5 spell levels left.
You didn't know any spells.
Your spell library contained the following spells:

 Spells                   Type           Power      Damage    Failure   Level
 Freeze                   Ice            0%         1d3       98%         1
 Frozen Ramparts          Ice            0%         1d2       100%        3
 Hailstorm                Conj/Ice       0%         3d3       100%        4


Dungeon Overview and Level Annotations

Branches:
Dungeon (4/15)            Ossuary (visited)
 Temple: D:4-7

Altars:
Ashenzari
Uskayaw

Annotations:
D:2 1 runed translucent door, Crazy Yiuf


Innate Abilities, Weirdness & Mutations

You are completely covered in rugged brown scales. (AC +3, +7% HP)
You have supernaturally acute eyesight. (SInv)
Armour fits poorly on your strangely shaped body.
You can roll at nearby foes to attack.
You have a long armoured tail.


Message History

You feel very sick. The scorpion stings you.
The scorpion stings you but does no damage.
You are too injured to fight recklessly!
You are too injured to fight recklessly!
You closely miss the scorpion.
Your tail-slap misses the scorpion.
The scorpion is severely wounded.
You feel sick. The scorpion barely misses you.
The scorpion stings you but does no damage.
You sock the scorpion!
You kill the scorpion!
You feel very sick. The scorpion barely misses you.
You have reached level 6!
Your experience leads to an increase in your attributes!
Increase (s)trength, (i)ntelligence, or (d)exterity?
You feel stronger.
You feel sick.
The scorpion stings you but does no damage. x2
You see here a scorpion corpse.
You feel sick.
You feel very mighty all of a sudden.
You feel sick. The scorpion stings you.
* * * LOW HITPOINT WARNING * * *
You are lethally poisoned!
The scorpion poisons you!
You completely miss the scorpion.
* * * LOW HITPOINT WARNING * * *
You feel very sick. The scorpion stings you.
* * * LOW HITPOINT WARNING * * *
It was a potion of magic.
Magic courses through your body.
* * * LOW HITPOINT WARNING * * *
You feel sick. The scorpion barely misses you. You block the scorpion's attack.
It was a potion of berserk rage.
A red film seems to cover your vision as you go berserk!
You feel yourself moving faster!
You feel mighty!
* * * LOW HITPOINT WARNING * * *
You feel sick. The scorpion stings you!
You die...

#.# #.# #
##.# #.# #..#
#.# #.## ###
# #.# ## #.#
#.
#######.####
##
...........#
# ###
##########@#
.# #.. #s#..#
### #..^#
#####
#########
#.......#
#.#####.# #.#
#.#
#.#####†#####


You could see a scorpion.

Vanquished Creatures
  A scorpion (D:4)
  A centaur skeleton (D:4)
  An iguana (D:4)
  An orc wizard (D:4)
  A mummy (Ossuary)
  3 adders
  3 worms
  3 dart slugs
  7 orcs
  7 spectral bats (Ossuary)
  4 endoplasms
  2 giant cockroaches
  12 gnoll zombies (Ossuary)
  8 goblins
  6 hobgoblins
  2 quokkas
  5 ball pythons
  4 bats
  3 bat simulacra (Ossuary)
  4 frilled lizards
  3 goblin simulacra (Ossuary)
  4 goblin zombies (Ossuary)
  4 hobgoblin zombies (Ossuary)
  4 kobolds
  3 kobold simulacra (Ossuary)
  8 kobold zombies (Ossuary)
  2 orc zombies (Ossuary)
  3 rats
  4 rat simulacra (Ossuary)
  5 spectral goblins (Ossuary)
  3 spectral rats (Ossuary)
121 creatures vanquished.

Vanquished Creatures (others)
  2 fungi (D:4)
2 creatures vanquished.

Grand Total: 123 creatures vanquished

Notes
Turn   | Place    | Note
-------+----------+-------------------------------------------
     0 | D:1      | Zenkrye the Palentonga Fighter began the quest for the Orb.
     0 | D:1      | Reached XP level 1. HP: 19/19 MP: 1/1
   124 | D:1      | Reached XP level 2. HP: 25/25 MP: 2/2
   253 | D:1      | Reached skill level 3 in Maces & Flails
   628 | D:2      | Reached XP level 3. HP: 30/31 MP: 3/3
   869 | D:2      | Found a faded altar of an unknown god.
   896 | D:2      | Found a runed translucent door.
   897 | D:2      | Noticed Crazy Yiuf
   925 | D:2      | Prayed at the altar of an unknown god.
   925 | D:2      | Became a worshipper of Ashenzari the Shackled
  1476 | D:3      | Reached skill level 4 in Maces & Flails
  2084 | D:3      | Reached XP level 4. HP: 37/37 MP: 4/4
  2397 | D:4      | Reached skill level 5 in Maces & Flails
  2418 | D:4      | Found a sand-covered staircase.
  2423 | Ossuary  | Entered an ossuary
  2514 | Ossuary  | Reached XP level 5. HP: 40/40 MP: 5/5
  3084 | D:4      | Found a hide-covered altar of Uskayaw.
  3149 | D:4      | Reached skill level 6 in Maces & Flails
  3358 | D:4      | Reached XP level 6. HP: 16/50 MP: 6/6
  3363 | D:4      | Slain by a scorpion

Illustrated notes

Levels and vault maps discovered:
D:1:      minmay_arrival_semitransparent, layout_basic,
          minmay_misc_feat_secret_circle
D:2:      layout_basic, basic_ecumenical_altar, uniq_crazy_yiuf_cottage
D:3:      layout_basic
D:4:      old_forge, layout_loops_corners,
          nicolae_uskayaw_murder_on_the_dancefloor, enter_ossuary_2,
          uniq_menkaure

Skill      XL: |  1  2  3  4  5 |
---------------+----------------+-----
Maces & Flails | 3 4 5 6 |  6.6
Fighting       | |  3.0
Armour         | |  2.4
Shields        | |  2.4

Action                   |  1- 3 |  4- 6 || total
-------------------------+-------+-------++-------
Melee: Flail             |   124 |   195 ||   319
       Tailslap          |     8 |    25 ||    33
Invok: Curse Item        |     1 |       ||     1
 Abil: Rolling Charge    |       |     1 ||     1
  Use: Scroll            |     3 |     3 ||     6
       Potion            |       |     3 ||     3
Armor: Scale mail        |    10 |       ||    10
       Chain mail        |    49 |   131 ||   180
Dodge: Dodged            |    26 |    58 ||    84
Block: Buckler           |    16 |    31 ||    47

Table legend: (Time is in decaauts)
 A = Elapsed time spent in this place.
 B = Non-inter-level travel time spent in this place.
 C = Inter-level travel time spent in this place.
 D = Time resting spent in this place.
 E = Time spent auto-exploring this place.
 F = Levels seen in this place.
 G = Mean time per level.
                   A        B        C        D        E       F      G
               +--------+--------+--------+--------+--------+-----+--------+
         Total |   3410 |   3286 |    124 |      0 |   2511 |   5 |  682.0 |
       Dungeon |   2869 |   2745 |    124 |      0 |   2216 |   4 |  717.2 |
       Ossuary |    540 |    540 |      0 |      0 |    295 |   1 |  540.0 |
               +--------+--------+--------+--------+--------+-----+--------+

Top non-repeatable levels by time:
     D:3: 977 daAuts
     D:2: 954 daAuts
 Ossuary: 540 daAuts
     D:4: 480 daAuts
     D:1: 457 daAuts
